 Dungeon Crawl Stone Soup version 0.31-a0-152-g6aa68a64a1 (webtiles) character file.

Game seed: 13057277435440496357

84156 Anon1729 the Royal Jelly (level 16, -1/141 HPs)
             Began as a Meteoran Monk on June 10, 2023.
             Was the Champion of Jiyva.
             Slain by a deep elf archer
             ... wielding a +0 short sword
              (19 damage)
             ... on level 1 of the Elven Halls on June 11, 2023.
             The game lasted 01:02:58 (10372 turns).

Anon1729 the Royal Jelly (Meteoran Monk)           Turns: 10372, Time: 01:02:59

Health: -1/141     AC: 16    Str: 14    XL:     16   Next: 28%
Magic:  30/30      EV: 15    Int: 14    God:    Jiyva [******]
Gold:   1008       SH:  0    Dex: 24    Spells: 15/15 levels left

rFire   + . .        g - +8 demon blade "Leech" {evervamp, Harm Drain rN+}
rCold   . . .        d - orb {light}
rNeg    + + +        N - +0 chain mail "Hyuxtuis" {Drain rElec rN+ rCorr}
rPois   +            (helmet restricted)
rElec   +            C - +2 cloak {rPois}
rCorr   +            (gloves unavailable)
SInv    .            (no boots)
Will    ++...        p - amulet of regeneration Stlth
                     e - +4 ring of protection
HPRegen 2.83/turn    T - ring "Ixky" {rF+ rN+}
MPRegen 0.72/turn

%: harm (+30% outgoing, +20% incoming)
@: confused, glowing, studying Evocations
A: sense surroundings 2, otherworldly, glowing, explore regen, antennae 1, claws
3, thin skeletal structure 1, acidic bite, pseudopods 1, translucent skin 2,
jelly absorbing missiles, MP-powered wands
}: 1/15 runes: slimy
a: Renounce Religion, Oozemancy, Slimify


You were on level 1 of the Elven Halls.
You worshipped Jiyva.
Jiyva was exalted by your worship.
You visited 5 branches of the dungeon, and saw 27 of its levels.
You also visited: Sewer and Volcano.

You collected 2899 gold pieces.
You spent 1891 gold pieces at shops.

Inventory:

Hand Weapons
 g - the +8 demon blade "Leech" (weapon) {evervamp, Harm Drain rN+}
   (You found it on level 5 of the Pits of Slime)

   rN:        It protects you from negative energy.
   Drain:     It drains your maximum health when unequipped.
   Harm:      It increases damage dealt and taken.
 L - a +2 scimitar of freezing
 O - a +2 scimitar of holy wrath
Missiles
 l - 5 boomerangs of dispersal
Armour
 a - a +2 robe of fire resistance
 d - an orb of light (worn)
 u - a +2 ring mail of cold resistance
 C - a +2 cloak of poison resistance (worn)
 F - +0 steam dragon scales
 N - the +0 chain mail "Hyuxtuis" (worn) {Drain rElec rN+ rCorr}
   (You found it on level 3 of the Lair of Beasts)

   rElec:     It insulates you from electricity.
   rN:        It protects you from negative energy.
   rCorr:     It protects you from acid and corrosion.
   Drain:     It drains your maximum health when unequipped.
 Q - a +1 robe of fire resistance
Magical Staves
 G - a staff of poison
Jewellery
 e - a +4 ring of protection (left claw)
 h - a +4 ring of protection
 p - an amulet of regeneration (around neck)
 w - an amulet of faith
 T - the ring "Ixky" (right claw) {rF+ rN+}
   (You bought it in a shop on level 7 of the Dungeon)

   [ring of protection from fire]

   rF:        It protects you from fire.
   rN:        It protects you from negative energy.
Wands
 m - a wand of acid (2)
 v - a wand of charming (23)
 y - a wand of flame (11)
 M - a wand of digging (3)
 P - a wand of polymorph (9)
Scrolls
 b - 6 scrolls of teleportation
 f - 2 scrolls of magic mapping
 j - 2 scrolls of blinking
 k - 3 scrolls of enchant armour
 o - 5 scrolls of poison
 z - 6 scrolls of vulnerability
 A - 2 scrolls of fog
 D - a scroll of silence {unknown}
 E - 6 scrolls of immolation
 R - 2 scrolls of amnesia
 S - a scroll of fear {unknown}
 U - a scroll of enchant weapon {unknown}
Potions
 c - 4 potions of ambrosia
 n - a potion of might {unknown}
 q - 2 potions of magic {unknown}
 r - 4 potions of enlightenment {unknown}
 s - a potion of mutation {unknown}
 t - a potion of haste
 x - a potion of attraction {unknown}
 B - 2 potions of brilliance {unknown}
 H - 4 potions of curing
 J - 4 potions of heal wounds
 K - 2 potions of berserk rage {unknown}


   Skills:
 + Level 12.5 Fighting
 * Level 14.9 Long Blades
 + Level 12.8 Armour
 + Level 13.3 Dodging
 + Level 18.2 Invocations
 + Level 8.4 Evocations


You had 15 spell levels left.
You didn't know any spells.
Your spell library contained the following spells:

 Spells                   Type           Power      Damage    Failure   Level
 Apportation              Tloc           0%         N/A       94%         1
 Foxfire                  Conj/Fire      0%         2x1d4     94%         1
 Sting                    Tmut/Pois      0%         1d3       94%         1
 Cigotuvi's Dreadful Rot  Necr/Pois/Air  0%         N/A       98%         2
 Ensorcelled Hibernation  Hex/Ice        0%         N/A       98%         2
 Passwall                 Tmut/Erth      0%         N/A       98%         2
 Poisonous Vapours        Pois/Air       0%         N/A       98%         2
 Gell's Gravitas          Tloc           0%         N/A       100%        3
 Mephitic Cloud           Conj/Pois/Air  0%         N/A       100%        3
 Swiftness                Air            0%         N/A       100%        3
 Teleport Other           Tloc           0%         N/A       100%        3
 Vampiric Draining        Necr           0%         2d6       100%        3
 Anguish                  Hex/Necr       0%         N/A       100%        4
 Dispel Undead            Necr           0%         3d6       100%        4
 Flame Wave               Conj/Fire      0%         2d4       100%        4
 Fulminant Prism          Conj/Hex       0%         3d5       100%        4
 Olgreb's Toxic Radiance  Pois           0%         N/A       100%        4
 Alistair's Intoxication  Tmut/Pois      0%         N/A       100%        5
 Blade Hands              Tmut           0%         N/A       100%        5
 Fireball                 Conj/Fire      0%         3d3       100%        5
 Freezing Cloud           Conj/Ice/Air   0%         6-21      100%        5
 Summon Mana Viper        Hex/Summ       0%         N/A       100%        5
 Death Channel            Necr           0%         N/A       100%        6
 Dispersal                Tloc           0%         N/A       100%        6
 Starburst                Conj/Fire      0%         6d3       100%        6
 Dragon Form              Tmut           0%         N/A       100%        7
 Ozocubu's Refrigeration  Ice            0%         4d7       100%        7


Dungeon Overview and Level Annotations

Branches:
Dungeon (14/15) Zot: 2127  Temple (0/1) D:6            Lair (5/5) D:8 Zot: 932
  Swamp (0/4) Lair:3        Snake (0/4) Lair:3        Slime (5/5) Lair:4 Zot: 2777
    Orc (2/2) D:9 Zot: 78     Elf (1/3) Orc:2 Zot: 555  Vaults (0/5) D:13
  Sewer (visited)         Volcano (visited)

Altars:
Ashenzari
Cheibriados
Kikubaaqudgha
Makhleb
Nemelex Xobeh
Qazlal
Uskayaw
Vehumet
Wu Jian
Zin
Jiyva

Shops:
D:7 =**!   D:9 ?   D:12 (   Orc:2 ?(=:

Annotations:
D:6 2 runed translucent doors, senseless's ghost, novice DgHu
Lair:2 2 transporters, Vorhees's ghost, journeyman KoHs
Slime:5 Royal Jelly


Innate Abilities, Weirdness & Mutations

You passively map the area around you.
You are easily found by Zot.
You glow in the dark.
You regain HP and MP as you explore.
You have a pair of small antennae on your head.
You have claws for hands.
You have a somewhat thin skeletal structure. (Dex +2, Stealth+)
You have acidic saliva.
Armour fits poorly on your pseudopods.
Your translucent skin reduces your foes' accuracy. (Stealth+)
You have a small jelly attached to you that may absorb projectiles.
You expend magic power (3 MP) to strengthen your wands.


Message History

The shard of ice misses you.
You hear a distant slurping noise.
The deep elf archer hits you with a +0 short sword!
You slash the deep elf knight!
You feel better.
You bludgeon the deep elf knight, but do no damage.
The deep elf knight is severely wounded.
The deep elf knight casts a spell at you.
The lance of force hits you!
You are knocked back by the lance of force.
You slam into the translucent rock wall!
You hit the deep elf archer but do no damage.
The deep elf archer hits you but does no damage.
You're too confused to move!
The deep elf knight gestures at you while chanting.
The lance of force hits you!
You are knocked back by the lance of force.
You slam into the translucent rock wall!
You hear a distant slurping noise.
The deep elf archer hits you with a +0 short sword!
You hit the deep elf archer.
You feel better.
You bludgeon the deep elf archer.
The deep elf archer is lightly wounded.
The deep elf knight unwields a +0 short sword.
The deep elf knight wields a +0 shortbow.
The deep elf knight shoots an arrow.
The arrow barely misses you.
A deep elf pyromancer comes into view. It is wielding a +0 rapier.
The deep elf archer closely misses you.
You're too confused to move!
The deep elf pyromancer shouts!
The deep elf knight shoots an arrow.
The arrow hits you but does no damage.
A deep elf zephyrmancer opens the door.
The deep elf knight gestures at you while chanting.
The shard of ice hits you!
The deep elf archer hits you but does no damage.
The deep elf knight casts a spell at you.
The lance of force hits you!!
You are knocked back by the lance of force.
You slam into the translucent rock wall!
* * * LOW HITPOINT WARNING * * *
The deep elf archer hits you with a +0 short sword!
You die...

, , , , ....... , ,
+ ,, #.....# , ,,,
,, , , #.....# ,, ,
* , , #..⌠..#, , ,
,,, #...).#,, ,,,*
, ##ee)..## , , ,
.########'####### ,
,..e...#.E.).#....,
, , , ,
......#@.e..#....
,*
...⌠..+.e.).+..⌠.
,*,,
,......#.....#....
, ***
......#.e)..#.... ,
.########)#######
,, ##.....## , , ,*
, ,, #.....# , , ,
*,, , ,#..⌠..#, , ,
#.....#


You could see a deep elf archer (repels missiles), a deep elf knight (fast,
invisible), a water elemental, a deep elf pyromancer and 3 deep elf
zephyrmancers.

Vanquished Creatures
  An ironbound preserver (D:13)
  A hydra (D:14)
  2 centaur warriors (D:14)
  3 catoblepae
  A boulder beetle (D:13)
  A dancing weapon (Volcano)
  A tengu warrior (D:14)
  A two-headed ogre (shapeshifter) (D:13)
  4 two-headed ogres
  Urug (D:11)
  5 orc high priests (Orc:2)
  A deep elf knight (Elf:1)
  Nergalle (Lair:3)
  2 spectral hydras (Lair:3)
  2 deep elf archers (Elf:1)
  5 orc knights (Orc:2)
  3 deep elf pyromancers
  5 wizards (Volcano)
  4 deep elf zephyrmancers (Elf:1)
  5 ugly things
  5 manticores
  5 cyclopes
  2 orc sorcerers (Orc:1)
  5 toenail golems (Volcano)
  4 black mambas
  A torpor snail (Lair:4)
  Joseph (D:7)
  A guardian serpent (shapeshifter) (D:14)
  A naga mage (D:10)
  5 elephants
  A gargoyle (D:10)
  7 cane toads
  2 kobold demonologists
  7 orange demons (D:11)
  7 komodo dragons
  3 unseen horrors
  Maggie (D:7)
  4 red devils (D:11)
  2 trolls
  2 tengu conjurers (D:14)
  A polar bear (Lair:2)
  A hornet (D:11)
  2 meliai (D:14)
  11 dream sheep (Lair:4)
  Grinder (D:3)
  33 blink frogs
  A vampire (D:13)
  28 yaks
  6 wyverns
  3 basilisks
  Eustachio (D:6)
  2 wraiths
  12 vampire mosquitoes
  Edmund (D:4)
  Menkaure (D:4)
  6 nagas (Lair:3)
  2 acid dragons
  4 wargs
  7 water moccasins
  A sky beast (D:8)
  21 orc warriors
  2 black bears
  5 ogres
  4 boggarts
  7 centaurs
  2 phantoms
  2 kobold brigands
  12 bullfrogs
  A gnoll sergeant (D:9)
  6 wights (D:8)
  9 killer bees
  2 howler monkeys (D:11)
  An electric eel (Lair:4)
  19 orc priests
  A hound (D:6)
  A sleepcap (D:6)
  13 orc wizards
  A hell rat (Sewer)
  A mummy (D:7)
  5 adders
  6 river rats
  A shadow imp (D:8)
  5 white imps
  2 worms
  66 orcs
  6 bats
  2 giant cockroaches (D:4)
  4 goblins
  3 hobgoblins
  3 jackals (D:1)
  9 kobolds
  6 quokkas
  3 ball pythons
  2 frilled lizards
  13 rats
485 creatures vanquished.

Vanquished Creatures (collateral kills)
  A deep elf pyromancer (Elf:1)
  2 orc knights (Orc:2)
  4 orc warriors (Orc:2)
  2 orc priests (Orc:2)
  3 orcs (Orc:2)
12 creatures vanquished.

Vanquished Creatures (others)
  An azure jelly (Lair:4)
  A deep elf pyromancer (Elf:1)
  An ugly thing (D:12)
  An unseen horror (D:12)
  3 blink frogs (Lair:4)
  4 slime creatures
  A basilisk (D:8)
  A water moccasin (Lair:3)
  An ogre (D:5)
  2 bullfrogs
  3 wights (D:8)
  44 jellies
  A hound (D:7)
  An orc priest (D:13)
  An orc wizard (D:13)
  10 orcs
  2 endoplasms
  2 goblins (D:1)
  A hobgoblin (D:1)
  2 jackals (D:1)
  2 quokkas (D:1)
  A ball python (D:1)
  3 kobolds
89 creatures vanquished.

Grand Total: 586 creatures vanquished

Notes
Turn   | Place    | Note
-------+----------+-------------------------------------------
     0 | D:1      | Anon1729 the Meteoran Monk began the quest for the Orb.
     0 | D:1      | Reached XP level 1. HP: 19/19 MP: 2/2
    82 | D:2      | Reached XP level 2. HP: 26/26 MP: 3/3
   197 | D:2      | Reached skill level 1 in Invocations
   197 | D:2      | Reached XP level 3. HP: 19/31 MP: 4/4
   215 | D:2      | Reached skill level 1 in Armour
   290 | D:1      | Found a faded altar of an unknown god.
   300 | D:1      | Prayed at the altar of an unknown god.
   300 | D:1      | Became a worshipper of Jiyva Jeistraa the Shapeless
   300 | D:1      | Reached * piety under Jiyva
   300 | D:1      | Reached ** piety under Jiyva
   379 | D:1      | Reached *** piety under Jiyva
   421 | D:1      | Gained mutation: You have a small jelly attached to you
                  | that may absorb projectiles. [Jiyva's grace]
   421 | D:1      | Gained mutation: Your system is resistant to poisons.
                  | (rPois) [Jiyva's grace]
   421 | D:1      | Gained mutation: You are covered in slimy tendrils that may
                  | disarm your opponents. [Jiyva's grace]
   421 | D:1      | Gained mutation: Your body has grown eyes which may confuse
                  | attackers. (Acc +3) [Jiyva's grace]
   567 | D:1      | Reached XP level 4. HP: 40/40 MP: 6/6
   678 | D:3      | Found a glowing silver altar of Zin.
   796 | D:3      | Reached skill level 2 in Invocations
   879 | D:3      | Noticed Grinder
   879 | D:3      | Paralysed by Grinder for 2 turns
   903 | D:3      | Found a radiant altar of Vehumet.
   909 | D:3      | Paralysed by Grinder for 4 turns
   915 | D:3      | Paralysed by Grinder for 3 turns
   921 | D:3      | Killed Grinder
   922 | D:3      | Reached skill level 4 in Invocations
   922 | D:3      | Reached XP level 5. HP: 33/46 MP: 6/9
   922 | D:3      | Reached XP level 6. HP: 37/52 MP: 6/10
   931 | D:3      | Reached **** piety under Jiyva
  1081 | D:4      | Noticed Menkaure
  1093 | D:4      | Killed Menkaure
  1094 | D:4      | Reached XP level 7. HP: 18/60 MP: 11/11
  1185 | D:4      | Noticed Edmund
  1202 | D:4      | Killed Edmund
  1203 | D:4      | Reached skill level 5 in Long Blades
  1203 | D:4      | Reached skill level 5 in Dodging
  1203 | D:4      | Reached skill level 5 in Invocations
  1331 | D:4      | Reached XP level 8. HP: 67/67 MP: 13/13
  1341 | D:4      | Found a glowing drain.
  1359 | Sewer    | Entered a sewer
  1596 | D:5      | Entered Level 5 of the Dungeon
  1602 | D:5      | Reached skill level 5 in Fighting
  1631 | D:5      | Reached skill level 6 in Invocations
  1731 | D:5      | Found a burning altar of Makhleb.
  1825 | D:5      | Reached ***** piety under Jiyva
  1825 | D:5      | Lost mutation: Your body has grown eyes which may confuse
                  | attackers. (Acc +3) [Jiyva's grace]
  1825 | D:5      | Lost mutation: You are covered in slimy tendrils that may
                  | disarm your opponents. [Jiyva's grace]
  1825 | D:5      | Lost mutation: You have a small jelly attached to you that
                  | may absorb projectiles. [Jiyva's grace]
  1825 | D:5      | Gained mutation: You have a pair of small antennae on your
                  | head. [Jiyva's grace]
  1825 | D:5      | Gained mutation: You have a pair of antennae on your head.
                  | [Jiyva's grace]
  1825 | D:5      | Gained mutation: You have a pair of large antennae on your
                  | head. (SInv) [Jiyva's grace]
  1825 | D:5      | Gained mutation: You are robust. (+10% HP) [Jiyva's grace]
  1878 | D:5      | Found a broken altar of Ashenzari.
  1962 | D:6      | Found a runed translucent door.
  1967 | D:6      | Noticed senseless's ghost (novice DgHu)
  1999 | D:6      | Found a staircase to the Ecumenical Temple.
  2019 | D:6      | Found a runed translucent door.
  2106 | D:6      | Reached skill level 7 in Invocations
  2112 | D:6      | Found a sparkling altar of Nemelex Xobeh.
  2147 | D:6      | Gained mutation: You passively map the area around you.
                  | [Meteoran growth]
  2147 | D:6      | Reached XP level 9. HP: 77/81 MP: 15/15
  2203 | D:6      | Noticed Eustachio
  2269 | D:6      | Killed Eustachio
  2591 | D:7      | Reached skill level 8 in Invocations
  2595 | D:7      | Found Keybbadgh's Distillery.
  2608 | D:7      | Found Vufiggy's Assorted Antiques.
  2610 | D:7      | Found Duasarel's Assorted Antiques.
  2612 | D:7      | Bought a scroll labelled CIADEA ICUHUCK for 19 gold pieces
  2612 | D:7      | Bought a scroll labelled GUPAVVANEL for 19 gold pieces
  2612 | D:7      | Bought a scroll labelled JUZXUN OBBA for 19 gold pieces
  2612 | D:7      | Bought a scroll of identify for 38 gold pieces
  2612 | D:7      | Bought a scroll of identify for 38 gold pieces
  2621 | D:7      | Bought a scroll labelled JUZXUN OBBA for 33 gold pieces
  2648 | D:7      | Found a snail-covered altar of Cheibriados.
  2657 | D:7      | Reached skill level 5 in Armour
  2687 | D:7      | Noticed Maggie
  2698 | D:7      | Killed Maggie
  2724 | D:7      | Found a stormy altar of Qazlal.
  2800 | D:7      | Found Yrosok's Jewellery Shoppe.
  2831 | D:7      | Noticed Joseph
  2862 | D:7      | Killed Joseph
  2863 | D:7      | Reached skill level 9 in Invocations
  2863 | D:7      | Reached XP level 10. HP: 74/92 MP: 17/17
  2983 | D:8      | Found a staircase to the Lair.
  3109 | D:8      | Reached skill level 10 in Invocations
  3279 | D:8      | Found an ancient bone altar of Kikubaaqudgha.
  3351 | Lair:1   | Entered Level 1 of the Lair of Beasts
  3351 | Lair:1   | Noticed a cane toad
  3379 | D:8      | Killed a cane toad
  3421 | Lair:1   | Lost mutation: Your system is resistant to poisons. (rPois)
                  | [Jiyva's grace]
  3421 | Lair:1   | Gained mutation: You have a small jelly attached to you
                  | that senses nearby items. [Jiyva's grace]
  3421 | Lair:1   | Gained mutation: You have sharp fingernails. [Jiyva's
                  | grace]
  3421 | Lair:1   | Gained mutation: You have very sharp fingernails. [Jiyva's
                  | grace]
  3421 | Lair:1   | Gained mutation: You have claws for hands. [Jiyva's grace]
  3489 | Lair:1   | Noticed a komodo dragon
  3498 | Lair:1   | Killed a komodo dragon
  3499 | Lair:1   | Reached skill level 11 in Invocations
  3516 | Lair:1   | Reached XP level 11. HP: 101/101 MP: 20/20
  3593 | Lair:1   | Noticed an elephant
  3593 | Lair:1   | Noticed an elephant
  3594 | Lair:1   | Noticed an elephant
  3632 | Lair:1   | Killed an elephant
  3633 | Lair:1   | Killed an elephant
  3643 | Lair:1   | Killed an elephant
  3671 | Lair:1   | Reached ****** piety under Jiyva
  3681 | Lair:1   | Reached skill level 12 in Invocations
  3956 | Lair:2   | Reached skill level 13 in Invocations
  3970 | Lair:2   | Reached XP level 12. HP: 113/113 MP: 22/22
  4139 | Lair:2   | Found a transporter.
  4143 | Lair:2   | Found a transporter.
  4146 | Lair:2   | Noticed Vorhees's ghost (journeyman KoHs)
  4251 | Lair:3   | Identified the +0 chain mail "Hyuxtuis" {Drain rElec rN+
                  | rCorr}
  4281 | Lair:3   | Noticed a catoblepas
  4313 | Lair:3   | Killed a catoblepas
  4314 | Lair:3   | Noticed Nergalle
  4341 | Lair:3   | Killed Nergalle
  4354 | Lair:3   | Reached skill level 10 in Long Blades
  4385 | Lair:3   | Reached skill level 14 in Invocations
  4398 | Lair:3   | Found a staircase to the Swamp.
  4398 | Lair:3   | Noticed a ghost crab
  4463 | Lair:3   | Reached skill level 10 in Dodging
  4583 | Lair:3   | Found a staircase to the Snake Pit.
  4647 | Lair:3   | Reached XP level 13. HP: 111/123 MP: 25/25
  4699 | Lair:3   | Reached skill level 15 in Invocations
  4799 | Lair:4   | Reached skill level 10 in Fighting
  4889 | Lair:4   | Noticed a catoblepas
  4903 | Lair:4   | Killed a catoblepas
  4904 | Lair:4   | Reached skill level 10 in Armour
  4944 | Lair:4   | You fall into a shaft and drop 1 floor!
  4944 | Lair:5   | Entered Level 5 of the Lair of Beasts
  5054 | Lair:4   | Noticed a five-headed hydra
  5068 | Lair:4   | Slimified a five-headed hydra
  5068 | Lair:4   | a five-headed hydra changed into an azure jelly
  5068 | Lair:4   | Noticed an azure jelly
  5070 | Lair:4   | Killed an azure jelly
  5073 | Lair:4   | Reached skill level 16 in Invocations
  5268 | Lair:4   | Found a dark tunnel.
  5273 | Volcano  | Entered a volcano
  5395 | Volcano  | Reached XP level 14. HP: 134/134 MP: 27/27
  5567 | Lair:4   | Found a staircase to the Slime Pits.
  5569 | Lair:4   | Found a viscous altar of Jiyva.
  5575 | Slime:1  | Entered Level 1 of the Pits of Slime
  5575 | Slime:1  | Noticed a rockslime
  5583 | Slime:2  | Noticed a formless jellyfish
  5583 | Slime:2  | Noticed a formless jellyfish
  5586 | Slime:3  | Noticed a formless jellyfish
  5589 | Slime:3  | Noticed an acid blob
  5590 | Slime:3  | Noticed an acid blob
  5591 | Slime:3  | Noticed a formless jellyfish
  5591 | Slime:3  | Noticed a formless jellyfish
  5602 | Slime:5  | Entered Level 5 of the Pits of Slime
  5602 | Slime:5  | Noticed an azure jelly
  5608 | Slime:5  | Noticed an acid blob
  5630 | Slime:5  | Noticed the Royal Jelly
  5630 | Slime:5  | Noticed an azure jelly
  5631 | Slime:5  | Found a viscous altar of Jiyva.
  5631 | Slime:5  | Noticed an acid blob
  5631 | Slime:5  | Noticed an azure jelly
  5632 | Slime:5  | Noticed a rockslime
  5634 | Slime:5  | Noticed an acid blob
  5637 | Slime:5  | Got the Tome of Shapeshifting
  5637 | Slime:5  | Noticed an acid blob
  5642 | Slime:5  | Noticed an acid blob
  5643 | Slime:5  | Noticed an azure jelly
  5645 | Slime:5  | Got Sif Muna's Grimoire of Unholy Heat
  5645 | Slime:5  | Noticed a rockslime
  5648 | Slime:5  | Got a slimy rune of Zot
  5651 | Slime:5  | Got the Teachings on Charming Hail
  5653 | Slime:5  | Identified the +2 leather armour "Pigg" {Harm Str+3 Dex+3}
  5657 | Slime:5  | Found the +8 demon blade "Leech" {evervamp, Harm Drain rN+}
  5687 | Slime:5  | Noticed a rockslime
  5699 | Slime:5  | Noticed an acid blob
  5750 | Slime:3  | Noticed a quicksilver ooze
  5750 | Slime:3  | Noticed an acid blob
  5760 | Slime:2  | Noticed an azure jelly
  5760 | Slime:2  | Noticed an azure jelly
  5771 | Slime:1  | Noticed an azure jelly
  5798 | Slime:1  | Noticed an acid blob
  5833 | Lair:4   | Lost mutation: You have a pair of large antennae on your
                  | head. (SInv) [Jiyva's grace]
  5833 | Lair:4   | Lost mutation: You have claws for hands. [Jiyva's grace]
  5833 | Lair:4   | Lost mutation: You are robust. (+10% HP) [Jiyva's grace]
  5833 | Lair:4   | Gained mutation: Your mind is acute. (Int +4, Str/Dex -1)
                  | [Jiyva's grace]
  5833 | Lair:4   | Gained mutation: Your mind is very acute. (Int +8, Str/Dex
                  | -2) [Jiyva's grace]
  5833 | Lair:4   | Gained mutation: Your body has grown eyes which may confuse
                  | attackers. (Acc +3) [Jiyva's grace]
  5833 | Lair:4   | Gained mutation: Your body has grown many eyes which may
                  | confuse attackers. (Acc +5) [Jiyva's grace]
  6107 | D:9      | Got the Parchment of Incendiary Degeneration
  6122 | D:9      | Found The Oracle's Delphic Readings.
  6241 | D:9      | Found a staircase to the Orcish Mines.
  6258 | Orc:1    | Entered Level 1 of the Orcish Mines
  6290 | Orc:1    | Reached skill level 1 in Evocations
  6352 | Orc:1    | Reached skill level 17 in Invocations
  6391 | Orc:1    | Found a radiant altar of Vehumet.
  6416 | Orc:2    | Entered Level 2 of the Orcish Mines
  6436 | Orc:2    | Found a staircase to the Elven Halls.
  7160 | Orc:2    | Lost mutation: You have very sharp fingernails. [Jiyva's
                  | grace]
  7160 | Orc:2    | Lost mutation: Your mind is very acute. (Int +8, Str/Dex
                  | -2) [Jiyva's grace]
  7160 | Orc:2    | Gained mutation: You are covered in slimy tendrils that may
                  | disarm your opponents. [Jiyva's grace]
  7160 | Orc:2    | Gained mutation: You have a small jelly attached to you
                  | that may absorb projectiles. [Jiyva's grace]
  7160 | Orc:2    | Gained mutation: Your translucent skin slightly reduces
                  | your foes' accuracy. (Stealth+) [Jiyva's grace]
  7160 | Orc:2    | Gained mutation: Your translucent skin reduces your foes'
                  | accuracy. (Stealth+) [Jiyva's grace]
  7165 | Orc:2    | Found Aqapliuz's Book Shoppe.
  7165 | Orc:2    | Found Eczede's Magic Scroll Shoppe.
  7166 | Orc:2    | Found Tufixebu's Jewellery Shoppe.
  7166 | Orc:2    | Found Xuidomn's Weapon Emporium.
  7443 | D:10     | Entered Level 10 of the Dungeon
  7655 | D:10     | Reached XP level 15. HP: 130/130 MP: 28/28
  7896 | D:10     | Identified 2 scrolls of acquirement
  7898 | D:10     | Acquired 1027 gold pieces
  7900 | D:10     | Acquired a manual of Evocations
  8063 | D:7      | Bought a potion of curing for 39 gold pieces
  8063 | D:7      | Bought a potion of curing for 39 gold pieces
  8063 | D:7      | Bought a potion of curing for 39 gold pieces
  8063 | D:7      | Bought a potion of heal wounds for 65 gold pieces
  8063 | D:7      | Bought a potion of haste for 130 gold pieces
  8078 | D:7      | Bought a scorched silver ring for 165 gold pieces
  8078 | D:7      | Identified the ring "Ixky" {rF+ rN+} (You bought it in a
                  | shop on level 7 of the Dungeon)
  8451 | D:11     | Paralysed by a hornet for 3 turns
  8478 | D:11     | Reached skill level 5 in Evocations
  8479 | D:11     | Noticed Urug
  8509 | D:11     | Killed Urug
  8664 | D:12     | Found Tamisahe's Weapon Emporium.
  8682 | D:12     | Lost mutation: Your body has grown many eyes which may
                  | confuse attackers. (Acc +5) [Jiyva's grace]
  8682 | D:12     | Lost mutation: You are covered in slimy tendrils that may
                  | disarm your opponents. [Jiyva's grace]
  8682 | D:12     | Lost mutation: You have a small jelly attached to you that
                  | senses nearby items. [Jiyva's grace]
  8682 | D:12     | Lost mutation: You have a small jelly attached to you that
                  | may absorb projectiles. [Jiyva's grace]
  8682 | D:12     | Gained mutation: You expend magic power (3 MP) to
                  | strengthen your wands. [Jiyva's grace]
  8682 | D:12     | Gained mutation: Your transparent skin significantly
                  | reduces your foes' accuracy. (Stealth+) [Jiyva's grace]
  8682 | D:12     | Gained mutation: You have acidic saliva. [Jiyva's grace]
  8682 | D:12     | Gained mutation: You have a somewhat thin skeletal
                  | structure. (Dex +2, Stealth+) [Jiyva's grace]
  8974 | D:12     | Found an ornate altar of the Wu Jian Council.
  9156 | D:13     | Found a hide-covered altar of Uskayaw.
  9389 | D:13     | Noticed an ironbound preserver
  9411 | D:13     | Killed an ironbound preserver
  9428 | D:13     | Found a gate to the Vaults.
  9639 | D:14     | Reached skill level 18 in Invocations
  9864 | D:14     | Reached XP level 16. HP: 78/140 MP: 30/30
  9974 | D:14     | Lost mutation: You have a pair of antennae on your head.
                  | [Jiyva's grace]
  9974 | D:14     | Lost mutation: Your mind is acute. (Int +4, Str/Dex -1)
                  | [Jiyva's grace]
  9974 | D:14     | Lost mutation: Your body has grown eyes which may confuse
                  | attackers. (Acc +3) [Jiyva's grace]
  9974 | D:14     | Lost mutation: Your transparent skin significantly reduces
                  | your foes' accuracy. (Stealth+) [Jiyva's grace]
  9974 | D:14     | Gained mutation: You have a small jelly attached to you
                  | that may absorb projectiles. [Jiyva's grace]
  9974 | D:14     | Gained mutation: You have very sharp fingernails. [Jiyva's
                  | grace]
  9974 | D:14     | Gained mutation: You have claws for hands. [Jiyva's grace]
  9974 | D:14     | Gained mutation: Armour fits poorly on your pseudopods.
                  | [Jiyva's grace]
 10189 | Orc:2    | Bought 2 scrolls of acquirement for 1248 gold pieces
 10189 | Orc:2    | Acquired 999 gold pieces
 10191 | Orc:2    | Acquired a +2 cloak of poison resistance
 10291 | Orc:2    | Glimpsed the power of Zot.
 10313 | Elf:1    | Entered Level 1 of the Elven Halls
 10372 | Elf:1    | Slain by a deep elf archer

Illustrated notes

Levels and vault maps discovered:
D:1:      lightli_arrival_maybe_door_vault, layout_loops_ring,
          dreamdust_ecumenical_altar_angels_and_demons
D:2:      layout_basic, minmay_misc_feat_enclosed, minmay_pentomino_t2
D:3:      layout_basic, vehumet_crystals, overflow_temple_1_default,
          uniq_grinder
D:4:      layout_loops_ring, portal_sewer_entry_e, uniq_edmund, uniq_menkaure
D:5:      layout_loops_ring, nicolae_overflow_hidden_temple, bloody_makhleb
D:6:      layout_gridville, nemelex_diamond_rough_becter,
          minmay_temple_entry_junction, ebering_ghost_sewer_f, uniq_eustachio
D:7:      layout_rooms, nicolae_qazlal_scattered_showers, slow_altar_2,
          serial_shops, nicolae_shop_gaudy_bauble, nicolae_shop_stone,
          nicolae_shop_stone, nicolae_shop_overgrown_old_shop, uniq_joseph,
          uniq_maggie
D:8:      layout_gridville, kiku_gazebo_garden_becter,
          mainiacjoe_overflow_tiny_flanked, david_lair_generic,
          chequers_arboretum
D:9:      layout_basic, tso_altar, david_orc_5, nicolae_nh_oracle_at_delphi
D:10:     nicolae_hitomezashi [nicolae_hito_row, nicolae_hito_row,
          nicolae_hito_row, nicolae_hito_row, nicolae_hito_row,
          nicolae_hito_row, nicolae_hito_row, nicolae_hito_row,
          nicolae_hito_row, nicolae_hito_row, nicolae_hito_row,
          nicolae_hito_row, nicolae_hito_row, nicolae_hito_row,
          nicolae_hito_row, nicolae_hito_row, nicolae_hito_row,
          nicolae_hito_row], layout_cave_pods, grunt_ministairs_7,
          minmay_misc_feat_secret_circle, minmay_librarian
D:11:     layout_loops_ring, minmay_beelzebubs_servants, uniq_urug
D:12:     layout_basic, serial_shops, nicolae_shop_rolling_square,
          nicolae_wu_jian_wuxing_cycle
D:13:     layout_loops_ring, skrybe_vaults_entry_preservation,
          nicolae_uskayaw_dance_hall
D:14:     layout_roguey, nicolae_two_hexagons
Lair:1:   layout_layer_cave
Lair:2:   layout_big_grid, gammafunk_ghost_hive, infiniplex_staircase_pool
Lair:3:   layout_loops_ring, nicolae_swamp_entry_spooky,
          minmay_snake_entry_guardpost_medium, pf_torpor_hydra, uniq_nergalle
Lair:4:   layout_roguey, minmay_slime_entry_jelly_boxes,
          nicolae_volcano_entry_s_turn, chequers_serial_rivers_room_b,
          grunt_megastairs_5, serial_bayou_shore_a
Lair:5:   grunt_lair_end_beastmaster, layout_regular_city,
          kilobyte_rumbling_trees
Slime:1:  layout_caves
Slime:2:  layout_caves
Slime:3:  layout_caves, cheibrodos_slime_lost_civilization_5
Slime:4:  layout_caves
Slime:5
Orc:1:    layout_caves, basic_altar, mines1_david
Orc:2:    st_orc_pillars, layout_caves, mines_bat_river
Elf:1:    minmay_elf_arrival_plus, layout_onion_city, serial_shops,
          nicolae_shop_behind_doors, hangedman_elf_disciples

Skill      XL: |  1  2  3  4  5  6  7  8  9 10 11 12 13 14 15 16 |
---------------+-------------------------------------------------+-----
Invocations    | 1 4 5 7 9 11 13 14 16 17 18 | 18.2
Armour         | 1 2 3 4 5 7 8 9 10 11 12 | 12.8
Long Blades    | 4 5 6 7 8 9 10 11 13 14 | 14.9
Dodging        | 4 5 7 8 9 10 11 12 13 | 13.3
Fighting       | 4 5 6 7 8 9 10 11 12 | 12.5
Evocations     | 3 7 8 |  8.4

Action                     |  1- 3 |  4- 6 |  7- 9 | 10-12 | 13-15 | 16-18 || total
---------------------------+-------+-------+-------+-------+-------+-------++-------
  Melee: Falchion          |    70 |    58 |   394 |    99 |       |       ||   621
         Scimitar          |       |       |       |   418 |   309 |       ||   727
         Rapier            |       |       |       |       |     4 |       ||     4
         Demon blade       |       |       |       |       |   654 |    64 ||   718
         Bite              |       |       |       |       |    28 |    14 ||    42
         Pseudopods        |       |       |       |       |       |    12 ||    12
 Invoke: Slimify           |       |       |       |       |     2 |     1 ||     3
  Evoke: Wand              |       |       |     4 |     3 |       |       ||     7
    Use: Scroll            |       |       |     6 |     2 |     8 |     2 ||    18
         Potion            |       |       |       |       |       |     1 ||     1
   Stab: Confused          |       |     1 |     5 |       |    21 |       ||    27
         Distracted        |       |       |       |       |     1 |       ||     1
 Armour: Ring mail         |     4 |       |   232 |   343 |   366 |    27 ||   972
         Robe              |     1 |       |       |       |     8 |       ||     9
         Scale mail        |    22 |    30 |    61 |       |       |       ||   113
         Chain mail        |       |       |       |       |       |    12 ||    12
  Dodge: Dodged            |    29 |    23 |   355 |   462 |   779 |    44 ||  1692

Table legend: (Time is in decaauts)
 A = Elapsed time spent in this place.
 B = Non-inter-level travel time spent in this place.
 C = Inter-level travel time spent in this place.
 D = Time resting spent in this place.
 E = Time spent auto-exploring this place.
 F = Levels seen in this place.
 G = Mean time per level.
                   A        B        C        D        E       F      G
               +--------+--------+--------+--------+--------+-----+--------+
         Total |  10105 |   8987 |   1118 |     18 |   1264 |  29 |  348.4 |
       Dungeon |   6272 |   5541 |    731 |     15 |    727 |  14 |  448.0 |
          Lair |   2067 |   1900 |    167 |      0 |     28 |   5 |  413.4 |
    Slime Pits |    222 |    222 |      0 |      0 |     54 |   5 |   44.4 |
  Orcish Mines |   1121 |    902 |    219 |      0 |    429 |   2 |  560.5 |
   Elven Halls |     43 |     43 |      0 |      0 |      0 |   1 |   43.0 |
         Sewer |    132 |    132 |      0 |      3 |     26 |   1 |  132.0 |
       Volcano |    245 |    245 |      0 |      0 |      0 |   1 |  245.0 |
               +--------+--------+--------+--------+--------+-----+--------+

Top non-repeatable levels by time:
   Orc:2: 961 daAuts
  Lair:4: 625 daAuts
     D:6: 584 daAuts
    D:10: 576 daAuts
  Lair:2: 569 daAuts
    D:13: 532 daAuts
     D:7: 514 daAuts
  Lair:3: 498 daAuts
     D:8: 480 daAuts
     D:3: 463 daAuts
    D:12: 451 daAuts
    D:11: 448 daAuts
     D:4: 424 daAuts
     D:9: 417 daAuts
    D:14: 389 daAuts
